 Dungeon Crawl Stone Soup version 0.26.1-2-gb8aa6d0cf2 (webtiles) character file.

Game seed: 1107638998641597116

98 Martska the Chucker (level 4, 0/72 HPs)
             Began as an Ogre Hunter on Mar 13, 2021.
             Succumbed to an adder's poison
             ... on level 3 of the Dungeon.
             The game lasted 00:04:11 (3077 turns).

Martska the Chucker (Ogre Hunter)                   Turns: 3077, Time: 00:04:12

Health: 0/72       AC: 22    Str: 17    XL:     4   Next: 69%
Magic:  4/4        EV:  1    Int: 12    God:
Gold:   116        SH:  0    Dex:  9    Spells: 3/3 levels left

rFire    . . .     SeeInvis .   t - +0 mace (curse)
rCold    . . .     Faith    .   (no shield)
rNeg     + + +     Spirit   .   (armour currently unavailable)
rPois    +         Reflect  .   (helmet currently unavailable)
rElec    .         Harm     .   (cloak currently unavailable)
rCorr    .         Rampage  .   (gloves unavailable)
Will     .....     NoTele   +   (boots unavailable)
Stlth    +.........             (no amulet)
HPRegen  0.22/turn              (no ring)
MPRegen  0.09/turn              (no ring)

@: mighty, lethally poisoned (0 -> -5), tree-form, hasted, very quick
A: large, unfitting armour
a: no special abilities


You were on level 3 of the Dungeon.
You were a tree.
You visited 1 branch of the dungeon, and saw 3 of its levels.

You collected 116 gold pieces.

Inventory:

Hand Weapons
 a - a +0 short sword
 g - a +0 club
 q - a +0 whip
 t - a cursed +0 mace (weapon)
Missiles
 d - a throwing net (quivered)
Armour
 b - a +1 robe (melded)
Scrolls
 c - a scroll of magic mapping {unknown}
 f - a scroll of noise
 i - a scroll of remove curse {unknown}
 l - a scroll of amnesia {unknown}
 n - 2 scrolls of random uselessness
 r - a scroll of immolation
 v - a scroll of blinking {unknown}
Potions
 m - a potion of ambrosia
 o - a potion of might
 p - a potion of flight {unknown}
 u - a potion of curing {unknown}


   Skills:
 * Level 3.9 Fighting
 * Level 1.4 Maces & Flails
 * Level 4.5 Throwing
 * Level 2.6 Dodging
 - Level 0.6 Stealth


You had 3 spell levels left.
You didn't know any spells.
Your spell library was empty.

Dungeon Overview and Level Annotations

Branches:
Dungeon (3/15)

Altars:
Ru

Annotations:
D:2 Sigmund


Innate Abilities, Weirdness & Mutations

You are too large for most types of armour.
((You have tough skin. (AC +1)))


Message History

It was a potion of might.
You feel very mighty all of a sudden.
* * * LOW HITPOINT WARNING * * *
You feel sick. The adder closely misses you.
You miss the adder.
The adder is severely wounded.
* * * LOW HITPOINT WARNING * * *
You feel sick. The adder closely misses you. The adder bites you.
* * * LOW HITPOINT WARNING * * *
You closely miss the adder.
The adder is severely wounded.
* * * LOW HITPOINT WARNING * * *
You feel sick. The adder bites you but does no damage. The adder bites you.
* * * LOW HITPOINT WARNING * * *
It was a potion of lignification.
You turn into a tree.
Your +1 robe melds into your body.
Your roots penetrate the ground.
* * * LOW HITPOINT WARNING * * *
You feel sick. The adder bites you but does no damage.
It was a potion of haste.
You feel yourself speed up.
You die...

#.# #.#### #.######
###....#
#......###...###.#
######.......# #.####
#.......#.#....# #
#.......#....#+#.#
#.......#.##...>.#
#.#+#####........##.
#.# ......S♣........#
..
#.######.############
....##.#... #
.......#.##.#
###.###.....# #
#..#### #.....#
#...[.###.#
#########.#


You could see an adder.

Vanquished Creatures
  A bullfrog skeleton (D:2)
  Robin (D:2)
  An adder (D:2)
  2 leopard geckos (D:1)
  2 giant cockroaches (D:1)
  6 hobgoblins
  4 jackals (D:1)
  5 bats
  4 frilled lizards (D:2)
  12 goblins
  2 kobolds (D:2)
  3 rats
43 creatures vanquished.

Notes
Turn   | Place    | Note
-------+----------+-------------------------------------------
     0 | D:1      | Martska the Ogre Hunter began the quest for the Orb.
     0 | D:1      | Reached XP level 1. HP: 22/22 MP: 1/1
   334 | D:1      | Reached XP level 2. HP: 31/31 MP: 2/2
  1228 | D:2      | Reached XP level 3. HP: 36/37 MP: 3/3
  1878 | D:2      | Reached skill level 1 in Maces & Flails
  1878 | D:2      | Reached XP level 4. HP: 10/48 MP: 4/4
  2395 | D:2      | Found a sacrificial altar of Ru.
  2563 | D:2      | Noticed Robin
  2763 | D:2      | Killed Robin
  2787 | D:2      | Noticed Sigmund
  3075 | D:3      | HP: 1/48 [adder (4)]
  3077 | D:3      | Succumbed to an adder's poison

Illustrated notes

Levels and vault maps discovered:
D:1:      minmay_arrival_four_loops, layout_basic
D:2:      layout_loops_ring, nicolae_ru_sacrificial_ziggurat, uniq_sigmund,
          uniq_crazy_yiuf_cottage, uniq_robin
D:3:      minmay_door_path, layout_basic

Skill      XL: |  1  2  3 |
---------------+----------+-----
Fighting       | 3 |  3.9
Dodging        | 2 |  2.6
Maces & Flails | 1 |  1.4
Throwing       | |  4.5
Stealth        | |  0.6

Action                   |  1- 3 |  4- 6 || total
-------------------------+-------+-------++-------
Melee: Short sword       |    68 |       ||    68
       Whip              |    30 |    15 ||    45
       Mace              |       |    91 ||    91
Throw: Large rock        |     8 |     5 ||    13
       Throwing net      |       |     1 ||     1
  Use: Scroll            |       |     5 ||     5
       Potion            |       |     4 ||     4
 Stab: Sleeping          |     1 |       ||     1
Armor: Robe              |    46 |    61 ||   107
       Skin              |       |     1 ||     1
Dodge: Dodged            |    93 |    81 ||   174
